 Seeded DCSS version 0.29-a0-284-gf9362112df (webtiles) character file.

Game seed: 20220321 (custom seed)

29 yunder69 the Grave Robber (level 3, 0/16 HPs)
             Began as a Vampire Necromancer on Mar 21, 2022.
             Slain by a worm (3 damage)
             ... on level 2 of the Dungeon.
             The game lasted 00:07:39 (1733 turns).

yunder69 the Grave Robber (Vampire Necromancer)     Turns: 1733, Time: 00:07:39

Health: 0/16       AC:  7    Str:  7    XL:     3   Next: 1%
Magic:  2/6        EV:  7    Int: 19    God:
Gold:   59         SH:  0    Dex: 14    Spells: 5/6 levels left

rFire   + . .      SeeInvis +   l - staff of earth
rCold   + + .      Faith    .   (no shield)
rNeg    + + +      Spirit   .   i - +0 scale mail
rPois   ∞          Reflect  .   g - +0 helmet
rElec   .          Harm     .   (no cloak)
rCorr   .          Rampage  .   (no gloves)
Will    .....                   (no boots)
Stlth   +++.......              (no amulet)
HPRegen 0.00/turn               h - ring of poison resistance
MPRegen 0.10/turn               k - ring of protection from fire

@: very slightly contaminated, bloodless, inhibited regen
A: bloodless, fangs 3, see invisible, vampiric 2, [frail 1]
a: Bat Form, Revivify


You were on level 2 of the Dungeon.
You visited 1 branch of the dungeon, and saw 2 of its levels.

You collected 59 gold pieces.

Inventory:

Missiles
 c - 6 curare-tipped darts
 d - 96 stones
 f - 3 javelins
Armour
 e - a +0 leather armour
 g - a +0 helmet (worn)
 i - a +0 scale mail (worn)
 j - a +0 robe
Magical Staves
 l - a staff of earth (weapon)
Jewellery
 h - a ring of poison resistance (left hand)
 k - a ring of protection from fire (right hand)
Scrolls
 m - a scroll of teleportation
Potions
 a - a potion of heal wounds {unknown}
 b - a potion of magic


   Skills:
 - Level 0.4 Maces & Flails
 - Level 2.3 Dodging
 - Level 3.0 Stealth
 - Level 0.2 Unarmed Combat
 - Level 2.0 Spellcasting
 + Level 5.1 Necromancy


You had 5 spell levels left.
You knew the following spells:

 Your Spells              Type           Power      Damage    Failure   Level
a - Pain                  Necr           84%        1d8       26%         1

Your spell library contained the following spells:

 Spells                   Type           Power      Damage    Failure   Level
 Animate Skeleton         Necr           42%        N/A       26%         1
 Vampiric Draining        Necr           21%        2d7       63%         3
 Animate Dead             Necr           10%        N/A       95%         4
 Ignite Poison            Fire/Tmut/Pois 1%         N/A       100%        3
 Mephitic Cloud           Conj/Pois/Air  1%         N/A       100%        3
 Agony                    Necr           21%        N/A       100%        5
 Freezing Cloud           Conj/Ice/Air   0%         6-21      100%        5


Dungeon Overview and Level Annotations

Branches:
Dungeon (2/15)

Altars:


Innate Abilities, Weirdness & Mutations

You do not regenerate when monsters are visible.
You are frail without blood (-20% HP).
You can heal yourself when you bite living creatures.
You are immune to poison.
You have razor-sharp teeth.
You have supernaturally acute eyesight. (SInv)
You are afflicted with vampirism and can become a bat while bloodless.
[You are frail. (-10% HP)]


Message History

Press: ? - help, Q - select action, (/) - cycle Shift-Dir - straight line, f/p - worm
Aim: a worm (lightly wounded, chance to affect: 85%)
The worm writhes in agony.
Aiming: Pain (safe; 26% risk of failure)
Press: ? - help, Q - select action, (/) - cycle Shift-Dir - straight line, f/p - worm
Aim: a worm (moderately wounded, chance to affect: 85%)
You miscast Pain.
You are very lightly contaminated with residual magic.
Nothing appears to happen.
Aiming: Pain (safe; 26% risk of failure)
Press: ? - help, Q - select action, (/) - cycle Shift-Dir - straight line, f/p - worm
Aim: a worm (lightly wounded, chance to affect: 85%)
The worm barely resists.
Aiming: Pain (safe; 26% risk of failure)
Press: ? - help, Q - select action, (/) - cycle Shift-Dir - straight line, f/p - worm
Aim: a worm (lightly wounded, chance to affect: 85%)
You miscast Pain.
Nothing appears to happen.
The worm bites you.
You hit the worm but do no damage.
The worm is lightly wounded.
You hit the worm.
The worm is lightly wounded.
The worm closely misses you.
You hit the worm. You bite the worm.
The worm is lightly wounded.
The worm bites you but does no damage.
You barely miss the worm.
The worm is lightly wounded.
The worm bites you but does no damage.
You hit the worm.
The worm is lightly wounded.
You hit the worm but do no damage. You bite the worm.
The worm is moderately wounded.
The worm bites you!
Ouch! That really hurt!
* * * LOW HITPOINT WARNING * * *
You hit the worm.
The worm is moderately wounded.
The worm bites you.
You die...

#.# #.# #.# #.# # #.#
##.###########.########
#......................
.#......................
.....[w@................
.#......................
...#....................
..............#.........
#.#........#.#.........
#......#.#...#.........
###....#.#####.........
......#.# #.........
#.....#.# #.÷.######


You could see a worm.

Vanquished Creatures
  An adder (D:2)
  A worm (D:2)
  An endoplasm (D:2)
  A hobgoblin (D:2)
  3 quokkas (D:1)
  4 bats (D:1)
  2 frilled lizards
  3 goblins
  A kobold (D:1)
  2 rats (D:1)
19 creatures vanquished.

Vanquished Creatures (others)
  A fungus (D:2)
1 creature vanquished.

Grand Total: 20 creatures vanquished

Notes
Turn   | Place    | Note
-------+----------+-------------------------------------------
     0 | D:1      | yunder69 the Vampire Necromancer began the quest for the
                  | Orb.
     0 | D:1      | Reached XP level 1. HP: 13/13 MP: 3/3
   696 | D:1      | Reached XP level 2. HP: 16/17 MP: 5/5
  1396 | D:2      | Reached skill level 5 in Necromancy
  1481 | D:2      | Gained mutation: You are afflicted with vampirism and can
                  | become a bat while bloodless. [Vampire growth]
  1481 | D:2      | Reached XP level 3. HP: 4/16 MP: 6/6
  1733 | D:2      | Slain by a worm

Illustrated notes

Levels and vault maps discovered:
D:1:      lemuel_arrival_cross, layout_basic, interstate_on_off
D:2:      layout_basic, shapermc_ecumenical_altar_acropolis

Skill      XL: |  1  2 |
---------------+-------+-----
Necromancy     | 5 |  5.1
Maces & Flails | |  0.4
Dodging        | |  2.3
Stealth        | |  3.0
Unarmed Combat | |  0.2
Spellcasting   | |  2.0

Action                   || total
-------------------------++-------
Melee: Mace              ||    40
       Unarmed           ||     4
       Whip              ||     2
       Staff             ||    36
       Bite              ||     7
       Punch             ||     2
 Cast: Pain              ||    13
 Abil: Exsanguinate      ||     2
       Revivify          ||     1
  Use: Scroll            ||     2
 Stab: Sleeping          ||     2
Armor: Scale mail        ||    46
       Robe              ||     1
Dodge: Dodged            ||    27

Table legend: (Time is in decaauts)
 A = Elapsed time spent in this place.
 B = Non-inter-level travel time spent in this place.
 C = Inter-level travel time spent in this place.
 D = Time resting spent in this place.
 E = Time spent auto-exploring this place.
 F = Levels seen in this place.
 G = Mean time per level.
                   A        B        C        D        E       F      G
               +--------+--------+--------+--------+--------+-----+--------+
         Total |   1752 |   1361 |    391 |    333 |    762 |   2 |  876.0 |
       Dungeon |   1752 |   1361 |    391 |    333 |    762 |   2 |  876.0 |
               +--------+--------+--------+--------+--------+-----+--------+

Top non-repeatable levels by time:
     D:1: 1369 daAuts
     D:2: 383 daAuts
